 Dungeon Sprint DCSS version 0.30.1-11-g7821555f0a (webtiles) character file.

Game seed: 3385829756253040438

2800000 jagang the Bane of Scribes (level 19, -3/184 HPs)
             Began as a Gnoll Berserker on Nov 21, 2023.
             Was the Champion of Trog.
             Slain by a meat berserker
             ... wielding a +9 battleaxe
              (28 damage)
             ... in the Dungeon (Sprint VIII: "Arena of Blood").
             The game lasted 00:02:18 (28 turns).

jagang the Bane of Scribes (Gnoll Berserker)          Turns: 28, Time: 00:02:19

Health: -3/184     AC:  4    Str: 24    XL:     19   Next: 25%
Magic:  5/47       EV: 24    Int:  6    God:    Trog [******]
Gold:   0          SH:  0    Dex: 13    Spells: 67/67 levels left

rFire   . . .        i - +∞ Axe of Woe
rCold   . . .        (shield currently unavailable)
rNeg    . . .        b - +0 animal skin
rPois   .            (no helmet)
rElec   .            (no cloak)
rCorr   .            (no gloves)
SInv    .            (no boots)
Will    +....        (no amulet)
Stlth   +++++++++    a - +30 ring of slaying
HPRegen 0.50/turn    (no ring)
MPRegen 0.30/turn

%: no teleportation
@: on berserk cooldown, slowed, very slow
A: fangs 1, strong nose, distributed training
a: Renounce Religion, Berserk, Trog's Hand, Brothers in Arms


You were in the Dungeon.
You worshipped Trog.
Trog was exalted by your worship.
You visited 1 branch

Inventory:

Hand Weapons
 i - the +∞ Axe of Woe (weapon)
   (You found it in the Dungeon)
Armour
 b - a +0 animal skin (worn)
Jewellery
 a - a +30 ring of slaying (left hand)
 j - a +30 ring of slaying
Scrolls
 h - a scroll of blinking
Potions
 c - a potion of curing
 d - a potion of heal wounds
 e - a potion of haste
 f - 2 potions of magic
 g - a potion of berserk rage


   Skills:
 + Level 25.4 Fighting
 + Level 24.8 Short Blades
 + Level 24.8 Long Blades
 + Level 25.4 Axes
 + Level 24.8 Maces & Flails
 + Level 24.8 Polearms
 + Level 24.8 Staves
 + Level 24.8 Ranged Weapons
 + Level 24.8 Throwing
 + Level 25.1 Armour
 + Level 25.1 Dodging
 + Level 24.8 Stealth
 + Level 24.8 Shields
 + Level 24.8 Unarmed Combat
 + Level 24.8 Spellcasting
 + Level 21.3 Conjurations
 + Level 21.3 Hexes
 + Level 21.3 Summonings
 + Level 21.3 Necromancy
 + Level 21.3 Translocations
 + Level 21.3 Transmutations
 + Level 21.3 Fire Magic
 + Level 21.3 Ice Magic
 + Level 21.3 Air Magic
 + Level 21.3 Earth Magic
 + Level 21.3 Poison Magic
 + Level 26.7 Invocations
 + Level 24.8 Evocations


You had 67 spell levels left.
You didn't know any spells.
Your spell library was empty.

Dungeon Overview and Level Annotations

Branches:
Dungeon (1/1)

Altars:
Makhleb


Innate Abilities, Weirdness & Mutations

You have very sharp teeth.
Your uncanny sense of smell can sniff out nearby items.
Your experience applies equally to all skills.


Message History

Trog accepts your kill.
The large bag of meat explodes!
The fiery explosion engulfs the bag of meat!!
The fiery explosion engulfs you!!
* * * LOW HITPOINT WARNING * * *
You are engulfed in blazing flames.
* * * LOW HITPOINT WARNING * * *
You hear a shout! x6
The bag of meat is engulfed in blazing flames.
You hear a shout!
A bag of meat comes into view. It is wielding a +9 war axe.
You hear a shout! x4
The destroyer casts a spell at you.
The destroyer blinks!
The meat berserker is engulfed in blazing flames.
You hear a shout! x3
A bag of meat comes into view. It is wielding a +9 war axe.
You hear a shout! x2
A bag of meat comes into view. It is wielding a +9 war axe.
The bag of meat moves out of view.
The bag of meat shouts!
Your Fighting skill increases to level 25!
Your Axes skill increases to level 25!
Your Armour skill increases to level 25!
Your Dodging skill increases to level 25!
Your Conjurations skill increases to level 21!
Your Hexes skill increases to level 21!
Your Summonings skill increases to level 21!
Your Necromancy skill increases to level 21!
Your Translocations skill increases to level 21!
Your Transmutations skill increases to level 21!
Your Fire Magic skill increases to level 21!
Your Ice Magic skill increases to level 21!
Your Air Magic skill increases to level 21!
Your Earth Magic skill increases to level 21!
Your Poison Magic skill increases to level 21!
A meat berserker comes into view. It is wielding a +9 battleaxe.
The meat berserker attacks as you move away!
The meat berserker hits you with a +9 battleaxe!!
You die...

.. .. o#. ..... #....
.# ....#.... #.... ..#
.#.....O###.... ..###.
...........O.###......
.....#........_.....
...#.....V.#.....#
#..........#_.<._#
#...@§.)#)....#...
.....#OO§)))))_......
....o.oo.))))###......
...o..oO###.......###.
OO.o....o #.......#
.ooO..O.. #.......#
o#.....o. .........
.#.#..............
.#.... ..........


You could see a destroyer, a large bag of meat (inner flame), 8 meat berserkers
and 12 bags of meat.

Vanquished Creatures
  A vampire knight (D)
  9 ogres (D)
  A two-headed ogre (D)
  12 orcs (D)
23 creatures vanquished.

Notes
Turn   | Place    | Note
-------+----------+-------------------------------------------
     0 | D        | Found the +∞ Axe of Woe
     0 | D        | jagang the Gnoll Berserker began the quest for the Orb.
     0 | D        | Reached XP level 1. HP: 23/23 MP: 1/1
     3 | D        | Noticed a meat berserker
     4 | D        | Killed a meat berserker
     5 | D        | Reached skill level 12 in Invocations
     5 | D        | Reached XP level 2. HP: 40/40 MP: 1/14
     5 | D        | Reached XP level 3. HP: 46/46 MP: 1/16
     5 | D        | Reached XP level 4. HP: 53/53 MP: 1/17
     5 | D        | Reached XP level 5. HP: 59/59 MP: 1/19
     5 | D        | Reached XP level 6. HP: 66/66 MP: 1/20
     5 | D        | Reached XP level 7. HP: 72/72 MP: 1/22
     5 | D        | Reached XP level 8. HP: 79/79 MP: 1/23
     5 | D        | Reached XP level 9. HP: 85/85 MP: 1/24
     5 | D        | Reached XP level 10. HP: 92/92 MP: 1/25
     5 | D        | Reached XP level 11. HP: 98/98 MP: 1/26
     5 | D        | Reached XP level 12. HP: 105/105 MP: 1/27
     5 | D        | Noticed a meat berserker
     7 | D        | Noticed a bag of meat
     7 | D        | Noticed a bag of meat
     9 | D        | Noticed a bag of meat
     9 | D        | Noticed a bag of meat
     9 | D        | Noticed a meat berserker
     9 | D        | Noticed a meat berserker
     9 | D        | Noticed a meat berserker
    10 | D        | Noticed a bag of meat
    10 | D        | Noticed a bag of meat
    10 | D        | Noticed a meat berserker
    10 | D        | Noticed a bag of meat
    11 | D        | Noticed a meat berserker
    11 | D        | Killed a bag of meat
    11 | D        | Reached ** piety under Trog
    11 | D        | Noticed a meat berserker
    12 | D        | Reached skill level 10 in Conjurations
    12 | D        | Reached skill level 10 in Hexes
    12 | D        | Reached skill level 10 in Summonings
    12 | D        | Reached skill level 10 in Necromancy
    12 | D        | Reached skill level 10 in Translocations
    12 | D        | Reached skill level 10 in Transmutations
    12 | D        | Reached skill level 10 in Fire Magic
    12 | D        | Reached skill level 10 in Ice Magic
    12 | D        | Reached skill level 10 in Air Magic
    12 | D        | Reached skill level 10 in Earth Magic
    12 | D        | Reached skill level 10 in Poison Magic
    12 | D        | Reached skill level 13 in Invocations
    12 | D        | Killed a meat berserker
    12 | D        | Killed a meat berserker
    12 | D        | Noticed a bag of meat
    12 | D        | Noticed a bag of meat
    13 | D        | Reached skill level 15 in Short Blades
    13 | D        | Reached skill level 15 in Long Blades
    13 | D        | Reached skill level 15 in Maces & Flails
    13 | D        | Reached skill level 15 in Polearms
    13 | D        | Reached skill level 15 in Staves
    13 | D        | Reached skill level 15 in Ranged Weapons
    13 | D        | Reached skill level 15 in Throwing
    13 | D        | Reached skill level 15 in Stealth
    13 | D        | Reached skill level 15 in Shields
    13 | D        | Reached skill level 15 in Unarmed Combat
    13 | D        | Reached skill level 15 in Spellcasting
    13 | D        | Reached skill level 16 in Invocations
    13 | D        | Reached skill level 15 in Evocations
    13 | D        | Reached XP level 13. HP: 67/119 MP: 2/32
    13 | D        | Reached XP level 14. HP: 71/126 MP: 2/33
    13 | D        | Killed a meat berserker
    13 | D        | Reached *** piety under Trog
    13 | D        | Killed a bag of meat
    13 | D        | Noticed a bag of meat
    14 | D        | Reached skill level 18 in Invocations
    14 | D        | Reached XP level 15. HP: 77/136 MP: 2/35
    14 | D        | Killed a meat berserker
    14 | D        | Reached **** piety under Trog
    14 | D        | Killed a meat berserker
    15 | D        | Reached skill level 20 in Invocations
    15 | D        | Reached XP level 16. HP: 60/148 MP: 3/39
    15 | D        | Killed a meat berserker
    15 | D        | Killed a meat berserker
    15 | D        | Reached ***** piety under Trog
    16 | D        | Reached skill level 22 in Invocations
    16 | D        | Reached XP level 17. HP: 65/158 MP: 3/41
    17 | D        | Reached skill level 23 in Invocations
    17 | D        | Noticed a destroyer
    18 | D        | Noticed a meat berserker
    19 | D        | Noticed a destroyer
    21 | D        | Reached skill level 24 in Invocations
    21 | D        | Reached XP level 18. HP: 108/172 MP: 4/44
    21 | D        | Noticed a meat berserker
    21 | D        | Noticed a large bag of meat
    23 | D        | Killed a destroyer
    23 | D        | Reached ****** piety under Trog
    24 | D        | Reached skill level 25 in Invocations
    24 | D        | Noticed a meat berserker
    25 | D        | Noticed a large bag of meat
    25 | D        | Noticed a meat berserker
    26 | D        | Killed a meat berserker
    26 | D        | Received a gift from Trog
    26 | D        | Noticed a meat berserker
    26 | D        | Noticed a meat berserker
    27 | D        | Reached skill level 26 in Invocations
    27 | D        | Reached XP level 19. HP: 78/182 MP: 5/47
    27 | D        | Noticed a meat berserker
    27 | D        | Noticed a meat berserker
    27 | D        | Killed a large bag of meat
    28 | D        | Noticed a meat berserker
    28 | D        | Slain by a meat berserker

Illustrated notes

Levels and vault maps discovered:
D:        meatsprint

Skill      XL: |  1  2  3  4  5  6  7  8  9 10 11 12 13 14 15 16 17 18 19 |
---------------+----------------------------------------------------------+-----
Fighting       | 13 16 17 20 21 23 24 25 | 25.4
Short Blades   | 11 15 16 19 20 22 24 | 24.8
Long Blades    | 11 15 16 19 20 22 24 | 24.8
Axes           | 13 16 17 20 21 23 24 25 | 25.4
Maces & Flails | 11 15 16 19 20 22 24 | 24.8
Polearms       | 11 15 16 19 20 22 24 | 24.8
Staves         | 11 15 16 19 20 22 24 | 24.8
Ranged Weapons | 11 15 16 19 20 22 24 | 24.8
Throwing       | 11 15 16 19 20 22 24 | 24.8
Armour         | 12 16 17 19 21 23 24 25 | 25.1
Dodging        | 12 16 17 19 21 23 24 25 | 25.1
Stealth        | 11 15 16 19 20 22 24 | 24.8
Shields        | 11 15 16 19 20 22 24 | 24.8
Unarmed Combat | 11 15 16 19 20 22 24 | 24.8
Spellcasting   | 11 15 16 19 20 22 24 | 24.8
Conjurations   | 9 13 14 16 17 19 20 21 | 21.3
Hexes          | 9 13 14 16 17 19 20 21 | 21.3
Summonings     | 9 13 14 16 17 19 20 21 | 21.3
Necromancy     | 9 13 14 16 17 19 20 21 | 21.3
Translocations | 9 13 14 16 17 19 20 21 | 21.3
Transmutations | 9 13 14 16 17 19 20 21 | 21.3
Fire Magic     | 9 13 14 16 17 19 20 21 | 21.3
Ice Magic      | 9 13 14 16 17 19 20 21 | 21.3
Air Magic      | 9 13 14 16 17 19 20 21 | 21.3
Earth Magic    | 9 13 14 16 17 19 20 21 | 21.3
Poison Magic   | 9 13 14 16 17 19 20 21 | 21.3
Invocations    | 12 16 18 20 22 24 26 | 26.7
Evocations     | 11 15 16 19 20 22 24 | 24.8

Action                     |  1- 3 |  4- 6 |  7- 9 | 10-12 | 13-15 | 16-18 | 19-21 || total
---------------------------+-------+-------+-------+-------+-------+-------+-------++-------
  Melee: Executioner's axe |     1 |       |       |     2 |     2 |     6 |     1 ||    12
 Invoke: Berserk           |       |       |       |       |       |     1 |       ||     1
